 Dungeon Crawl Stone Soup version 0.31-a0-986-g5e6e4ef867 (webtiles) character file.

Game seed: 2432742322185616501

1413 croobank the Covert (level 8, -4/57 HPs)
             Began as an Octopode Delver on Nov 8, 2023.
             Was an Initiate of Ashenzari.
             Shot with an arrow by a centaur (16 damage)
             ... on level 6 of the Dungeon.
             The game lasted 00:18:21 (7406 turns).

croobank the Covert (Octopode Delver)               Turns: 7406, Time: 00:18:22

Health: -4/57      AC:  1    Str: 11    XL:     8   Next: 71%
Magic:  19/21      EV: 14    Int: 15    God:    Ashenzari [......]
Gold:   343        SH:  0    Dex: 13    Spells: 8/13 levels left

rFire   . . .        u - +3 short sword (protect)
rCold   . . .        (no shield)
rNeg    . . .        (helmet restricted)
rPois   .            (no amulet)
rElec   .            g - ring of the Eternal Cosmos {MP+9, Melee, Self} (curse)
rCorr   .            (no ring)
SInv    .            (no ring)
Will    .....        (no ring)
Stlth   +++++        (no ring)
HPRegen 0.29/turn    (no ring)
MPRegen 0.17/turn    (no ring)
                     (no ring)

%: no passive effects
@: no status effects
A: almost no armour, amphibious, 8 rings, camouflage 1, gelatinous body 1,
(nimble swimmer 1), tentacles
a: Renounce Religion, Shatter the Chains


You were on level 6 of the Dungeon.
You worshipped Ashenzari.
Ashenzari was noncommittal.
You visited 2 branches of the dungeon, and saw 8 of its levels.

You collected 343 gold pieces.

Inventory:

Hand Weapons
 a - a +0 short sword of flaming
 h - a +0 dagger
 m - a +0 spear of venom
 u - a +3 short sword of protection (weapon)
Missiles
 k - 10 boomerangs (quivered)
Armour
 d - an orb of light
Jewellery
 g - the cursed ring of the Eternal Cosmos (left tentacle) {MP+9, Melee, Self}
   (You took it off a kobold on level 4 of the Dungeon)

   [ring of magical power]

   MP+9:      It affects your magic capacity (+9).
   It has a curse which improves the following skills: Melee Combat: Short
   Blades, Long Blades, Axes, Maces & Flails, Polearms, Staves and Unarmed
   Combat.
   Introspection: Fighting and Spellcasting.
Wands
 f - a wand of digging (8)
 t - a wand of flame (23)
Scrolls
 b - 2 scrolls of fog
 o - a scroll of brand weapon
 p - a scroll of teleportation
 y - a scroll of enchant armour {unknown}
 C - a scroll of amnesia {unknown}
Potions
 i - 2 potions of curing
 j - 2 potions of brilliance
 n - a potion of berserk rage
 q - 3 potions of lignification
 s - 2 potions of attraction {unknown}
 v - 2 potions of mutation {unknown}
 x - a potion of cancellation {unknown}
 z - a potion of haste
 A - 4 potions of degeneration {unknown}
 B - a potion of invisibility {unknown}


   Skills:
 + Level 5.6(6.0) Fighting
 + Level 5.1(5.5) Short Blades
 + Level 5.0 Dodging
 - Level 8.8 Stealth
 * Level 2.8(3.2) Spellcasting
 * Level 3.8 Poison Magic


You had 8 spell levels left.
You knew the following spells:

 Your Spells              Type           Power      Damage    Failure   Level
a - Poisonous Vapours     Pois/Air       16%        N/A       14%         2
b - Ignite Poison         Fire/Tmut/Pois 6%         N/A       34%         3

Your spell library contained the following spells:

 Spells                   Type           Power      Damage    Failure   Level
 Sting                    Tmut/Pois      32%        1d4       9%          1
 Cigotuvi's Dreadful Rot  Necr/Pois/Air  12%        N/A       17%         2
 Slow                     Hex            8%         N/A       21%         1
 Ensorcelled Hibernation  Hex/Ice        4%         N/A       30%         2
 Lesser Beckoning         Tloc           4%         N/A       30%         2
 Passwall                 Tmut/Erth      1%         N/A       30%         2
 Olgreb's Toxic Radiance  Pois           14%        N/A       36%         4
 Confusing Touch          Hex            2%         N/A       52%         3
 Gell's Gravitas          Tloc           2%         N/A       52%         3
 Hailstorm                Conj/Ice       2%         3d3       52%         3
 Sigil of Binding         Hex            2%         N/A       52%         3
 Stone Arrow              Conj/Erth      4%         3d7       52%         3
 Swiftness                Air            2%         N/A       52%         3
 Teleport Other           Tloc           2%         N/A       52%         3
 Vampiric Draining        Necr           2%         2d6       52%         3
 Summon Ice Beast         Ice/Summ       2%         N/A       89%         4
 Freezing Cloud           Conj/Ice/Air   1%         6-21      99%         5
 Simulacrum               Ice/Necr       1%         N/A       100%        6
 Lehudib's Crystal Spear  Conj/Erth      1%         10d2      100%        8
 Animate Armour           Summ/Erth      Unusable   N/A       N/A         4

Dungeon Overview and Level Annotations

Branches:
Dungeon (7/15)             Temple (1/1) D:6

Altars:
Ashenzari
Cheibriados
Dithmenos
Elyvilon
Fedhas
Gozag
Hepliaklqana
Kikubaaqudgha
Makhleb
Nemelex Xobeh
Okawaru
Ru
Sif Muna
Trog
Uskayaw
Xom
Yredelemnul
Zin

Annotations:
D:3 1 runed translucent door, Crazy Yiuf
D:4 Edmund, Eustachio, Menkaure


Innate Abilities, Weirdness & Mutations

You cannot wear most types of armour.
You are amphibious.
You can wear up to eight rings at the same time.
Your skin changes colour to match your surroundings (Stealth+).
Your rubbery body absorbs attacks. (AC +1, EV +1)
((You are camouflaged when in or above water. (Stealth+)))
You have tentacles for arms and can constrict up to eight enemies at once.


Message History

This spell is dangerous to cast!
You start memorising the spell.
You continue memorising. x3
You finish memorising.
Spell assigned to 'b'.
Cast which spell? (? or * to list)
Aiming: Poisonous Vapours (safe; 14% risk of failure)
Press: ? - help, Dir - move target, f - centaur
Aim: a centaur, wielding a +0 orcbow (wandering, hasn't noticed you)
You miscast Poisonous Vapours.
You are very lightly contaminated with residual magic.
Nothing appears to happen.
The centaur shouts!
The centaur shoots an arrow.
The arrow completely misses you.
The centaur shoots an arrow.
The arrow hits you!!
You hear a shout!
Casting: Poisonous Vapours (safe; 14% risk of failure)
Confirm with . or Enter, or press ? or * to list all spells.
Aiming: Poisonous Vapours (safe; 14% risk of failure)
Press: ? - help, Dir - move target, f/p - centaur
Aim: a centaur, wielding a +0 orcbow Poisonous vapours surround the centaur!
The centaur is poisoned.
The centaur shoots an arrow.
The arrow barely misses you.
The centaur shoots an arrow.
The arrow completely misses you.
The centaur shoots an arrow.
The arrow hits you!
You hear a shout!
You start resting.
Your magical contamination has completely faded away.
You start resting.
Magic restored.
The centaur shoots an arrow.
The arrow hits you!
The centaur shoots an arrow.
The arrow closely misses you.
Casting: Poisonous Vapours (safe; 14% risk of failure)
Confirm with . or Enter, or press ? or * to list all spells.
Aiming: Poisonous Vapours (safe; 14% risk of failure)
Press: ? - help, Dir - move target, f/p - centaur
Aim: a centaur, wielding a +0 orcbow (lightly wounded) Poisonous vapours surround the centaur!
The centaur is poisoned.
The centaur shoots an arrow.
The arrow hits you!
* * * LOW HITPOINT WARNING * * *
The centaur shoots an arrow.
The arrow hits you!
You die...

...############
..............#
.....########.# .....#
####.#### .....# #.......#
.....# #.##.##.#
..########.##.##.# ..#
#.......##.# #.#
#.##.#####@# #.#
#,*#.#####.#**** #.#
*,*#........,,,*** (.#
*.##.≈≈≈≈..##*,,,* #.#
*#.##≈≈≈≈≈≈≈≈****,*
#.####≈≈≈≈≈≈≈≈≈≈≈≈~~~*,**
#.#≈≈≈≈≈≈≈≈≈≈≈≈≈≈≈~~~~~~**
#.≈≈≈≈≈≈≈≈≈≈≈≈≈cc≈≈~~~~~~*
..≈≈≈≈≈≈≈≈≈≈≈.....,~~~~~~*


You could see 2 centaurs.

Vanquished Creatures
  Grinder (D:3)
  Sigmund (D:3)
  A steam dragon (D:6)
  A water moccasin (D:5)
  An ogre (D:5)
  A phantom (D:5)
  A scorpion (D:6)
  5 hounds
  4 jellies
  An iguana (D:5)
  Natasha (thrice) (D:2)
  Ijyb (D:3)
  7 gnolls
  8 adders
  2 ufetubi (D:6)
  2 worms (D:3)
  3 orcs
  7 endoplasms
  6 giant cockroaches
  6 goblins
  5 hobgoblins
  2 jackals (D:2)
  8 kobolds
  3 quokkas (D:5)
  2 ball pythons
  8 bats
  4 frilled lizards
  6 rats
100 creatures vanquished.

Notes
Turn   | Place    | Note
-------+----------+-------------------------------------------
     0 | D:5      | croobank the Octopode Delver began the quest for the Orb.
     0 | D:5      | Reached XP level 1. HP: 16/16 MP: 1/1
    12 | D:6      | Noticed a steam dragon
    61 | D:5      | Found a hide-covered altar of Uskayaw.
    74 | D:5      | Noticed a hound
    79 | D:5      | Killed a hound
    80 | D:5      | Reached XP level 2. HP: 17/21 MP: 2/2
    80 | D:5      | Reached XP level 3. HP: 22/26 MP: 3/3
    80 | D:5      | Noticed an ogre
   133 | D:4      | Reached skill level 7 in Stealth
   244 | D:2      | Noticed Natasha
   256 | D:2      | Killed Natasha
   257 | D:2      | Reached XP level 4. HP: 16/32 MP: 4/4
  1543 | D:2      | Noticed Natasha
  1549 | D:2      | Killed Natasha
  1550 | D:2      | Reached XP level 5. HP: 37/37 MP: 5/5
  1770 | D:2      | Noticed Natasha
  1778 | D:2      | Killed Natasha
  2137 | D:3      | Noticed Sigmund
  2144 | D:3      | Killed Sigmund
  2145 | D:3      | Reached skill level 8 in Stealth
  2145 | D:3      | Reached XP level 6. HP: 42/44 MP: 6/6
  2198 | D:3      | Noticed Ijyb
  2213 | D:3      | Killed Ijyb
  2360 | D:3      | Noticed Grinder
  2376 | D:3      | Paralysed by Grinder for 3 turns
  2382 | D:3      | Killed Grinder
  2383 | D:3      | Reached XP level 7. HP: 33/49 MP: 7/7
  2619 | D:3      | Found a runed translucent door.
  2620 | D:3      | Noticed Crazy Yiuf
  2915 | D:3      | Found a blossoming altar of Fedhas.
  2915 | D:3      | Found a snail-covered altar of Cheibriados.
  2915 | D:3      | Found a burning altar of Makhleb.
  3093 | D:3      | Reached skill level 5 in Fighting
  3236 | D:4      | Found a shadowy altar of Dithmenos.
  3458 | D:4      | Noticed Eustachio
  3458 | D:4      | Noticed Menkaure
  3788 | D:4      | Noticed Edmund
  3836 | D:5      | Reached skill level 1 in Poison Magic
  4218 | D:5      | Reached skill level 1 in Spellcasting
  4255 | D:5      | Reached XP level 8. HP: 44/55 MP: 9/9
  4655 | D:5      | Found a bloodstained altar of Trog.
  5215 | D:6      | Found a staircase to the Ecumenical Temple.
  5323 | Temple   | Entered the Ecumenical Temple
  5343 | Temple   | Became a worshipper of Ashenzari the Shackled
  5740 | D:6      | Found a sacrificial altar of Ru.
  5884 | D:6      | Reached skill level 5 in Short Blades
  6022 | D:6      | Reached skill level 5 in Dodging
  7376 | D:6      | Learned a level 2 spell: Poisonous Vapours
  7380 | D:6      | Learned a level 3 spell: Ignite Poison
  7406 | D:6      | Shot with an arrow by a centaur

Illustrated notes

Levels and vault maps discovered:
D:1:      ebering_trefoil_3fold, layout_basic, chequers_serial_rivers_small_b
D:2:      layout_rooms, uniq_natasha
D:3:      layout_basic, gammafunk_temple_overflow_claw, cheibrodos_gnoll_hut,
          uniq_sigmund, uniq_ijyb, uniq_grinder, uniq_crazy_yiuf_cottage
D:4:      layout_basic, mainiacjoe_overflow_cross_hatched, minivault_19,
          uniq_eustachio, uniq_menkaure, uniq_edmund
D:5:      layout_basic, mainiacjoe_overflow_surrounded_room,
          trog_butcher_becter, cheibrodos_sewer_entry_drain
D:6:      layout_loops_ring, mainiacjoe_overflow_alcove_4,
          minmay_temple_entry_offerings, centaur_isle
D:7:      layout_gridville, chequers_serial_rivers_small_a
Temple:   hellmonk_temple_of_storms

Skill      XL: |  1  2  3  4  5  6  7  8 |
---------------+-------------------------+-----
Stealth        | 7 8 |  8.8
Dodging        | 3 4 5 |  5.0
Short Blades   | 3 4 5 |  5.1
Fighting       | 4 5 |  5.6
Poison Magic   | 1 3 |  3.8
Spellcasting   | 1 2 |  2.8

Action                     |  1- 3 |  4- 6 |  7- 9 || total
---------------------------+-------+-------+-------++-------
  Melee: Short sword       |    24 |    94 |   144 ||   262
         Constrict         |     4 |    17 |    14 ||    35
         Tentacles         |     3 |    24 |    37 ||    64
         Punch             |       |       |     4 ||     4
  Throw: Boomerang         |       |     2 |    16 ||    18
   Cast: Poisonous Vapours |       |       |     2 ||     2
 Invoke: Curse Item        |       |       |     1 ||     1
  Evoke: Wand              |       |    14 |       ||    14
    Use: Scroll            |     1 |       |    15 ||    16
         Potion            |     1 |       |     2 ||     3
   Stab: Sleeping          |     5 |    16 |    18 ||    39
         Distracted        |     1 |       |       ||     1
 Armour: Skin              |    12 |    25 |   112 ||   149
  Dodge: Dodged            |    10 |    48 |   132 ||   190

Table legend: (Time is in decaauts)
 A = Elapsed time spent in this place.
 B = Non-inter-level travel time spent in this place.
 C = Inter-level travel time spent in this place.
 D = Time resting spent in this place.
 E = Time spent auto-exploring this place.
 F = Levels seen in this place.
 G = Mean time per level.
                   A        B        C        D        E       F      G
               +--------+--------+--------+--------+--------+-----+--------+
         Total |   7341 |   7154 |    187 |   2539 |   3076 |   8 |  917.6 |
       Dungeon |   7300 |   7152 |    148 |   2539 |   3076 |   7 | 1042.9 |
        Temple |     40 |      1 |     39 |      0 |      0 |   1 |   40.0 |
               +--------+--------+--------+--------+--------+-----+--------+

Top non-repeatable levels by time:
     D:6: 2222 daAuts
     D:5: 1309 daAuts
     D:3: 1246 daAuts
     D:2: 877 daAuts
     D:1: 872 daAuts
     D:4: 696 daAuts
     D:7: 76 daAuts
  Temple: 40 daAuts
